 Dungeon Crawl Stone Soup version 0.16-a0-3976-g683f154 (console) character file.

136 Fusha the Poker (level 4, 0/34 HPs)
             Began as a Mummy Gladiator on Feb 11, 2015.
             Was a Follower of Trog.
             Slain by an orc priest
             ... wielding a cursed -2 flail
              (5 damage)
             ... on level 3 of the Dungeon.
             The game lasted 00:08:25 (2934 turns).

Fusha the Poker (Mummy Gladiator)                   Turns: 2934, Time: 00:08:25

Health: 0/34       AC:  4    Str: 19    XL:     4   Next: 98%
Magic:  4/4        EV: 12    Int:  7    God:    Trog [*.....]
Gold:   154        SH:  0    Dex: 12    Spells: 0 memorised, 3 levels left

rFire  x . .     SeeInvis +     a - +1 trident
rCold  + . .     Clarity  .     b - +0 leather armour
rNeg   + + +     SustAb   .     (no shield)
rPois  ∞         Gourm    .     k - +0 hat {SInv}
rElec  .         Spirit   .     j - +0 cloak
rCorr  .         Warding  .     (no gloves)
rMut   .         Rnd*Tele +     (no boots)
MR     .....                    h - amulet of inaccuracy
Stlth  +.........               (no ring)
                                e - ring of teleportation

@: not resistant to hostile enchantments, very unstealthy
A: no food or potions, fire vulnerability, restore body, cold resistance 1,
negative energy resistance 3, poison resistance, torment resistance, unbreathing
a: Burn Spellbooks, Renounce Religion, Evoke Teleportation


You were on level 3 of the Dungeon.
You worshipped Trog.
Trog was aware of your devotion.
You were not hungry.

You visited 1 branch of the dungeon, and saw 3 of its levels.

You collected 154 gold pieces.

Inventory:

Hand weapons
 a - a +1 trident (weapon)
Missiles
 d - 3 throwing nets (quivered)
 f - 44 stones
 l - 5 tomahawks
Armour
 b - a +0 leather armour (worn)
 c - a +0 helmet
 j - a +0 cloak (worn)
 k - a +0 hat of see invisible (worn)
Jewellery
 e - a ring of teleportation (left hand)
 h - an amulet of inaccuracy (around neck)
Scrolls
 i - a scroll of random uselessness


   Skills:
 + Level 2.9 Fighting
 + Level 3.4 Polearms
 + Level 1.7 Throwing
 + Level 1.2 Armour
 + Level 3.0 Dodging
 + Level 0.1 Stealth


You had 3 spell levels left.
You didn't know any spells.

Dungeon Overview and Level Annotations

Branches:
Dungeon (3/15)

Altars:
Ashenzari
Trog


Innate Abilities, Weirdness & Mutations

You do not eat or drink.
Your flesh is vulnerable to fire.
Your flesh is cold resistant.
You are immune to negative energy.
Your system is resistant to poisons.
You are immune to unholy pain and torment.
You can survive without breathing.


Message History

The orc priest calls down the wrath of Beogh upon you.
Something smites you!
* * * LOW HITPOINT WARNING * * *
Use which ability? (? or * to list)
Okay, then.
Unknown command.
You can't drink.
Read which item? (? for menu, Esc to quit)
As you read the scroll labeled KOAJOY GROHISS, it crumbles to dust.
You feel as if something is helping you.
It was a scroll of remove curse.
The orc priest barely misses you.
Read which item? (? for menu, Esc to quit)
As you read the scroll labeled AHADID NOBUROU, it crumbles to dust.
It is a scroll of identify.
Identify which item? (\ to view known items) (? for menu, Esc to quit)
Choose an unidentified item, or Esc to abort.
Identify which item? (\ to view known items) (? for menu, Esc to quit)
i - a scroll of random uselessness The orc priest hits you with a flail.
You die...

########### #.........#
#.#######.# #.#######.###
#.##........#####
#.##.####.#.....#
###.#####.##.#.##...###..
.
#.....).@....%...#.#####.
#.#.#####o##...........#+
### #.##....##.....#_ ..#
#.##...........## #.#
#o####.###.#..... #.# ###
# #.# #.#..... #.# #.. .#
#.# ##+# #.###... #.# #.#
## .# #.###...##.# ####
#.# #.# ..##.#
.##.....#.## ##


You could see an orc priest and an orc.

Vanquished Creatures
  An orc wizard (D:3)
  Terence (D:2)
  A gnoll (D:1)
  An adder (D:2)
  3 worms (D:2)
  2 orcs (D:3)
  A ball python (D:2)
  3 bats
  2 giant cockroaches (D:2)
  6 goblins
  13 hobgoblins
  8 jackals
  5 giant geckos
  3 giant newts
  5 kobolds
  2 rats
57 creatures vanquished.

Notes
Turn   | Place    | Note
--------------------------------------------------------------
     0 | D:1      | Fusha, the Mummy Gladiator, began the quest for the Orb.
     0 | D:1      | Reached XP level 1. HP: 16/16 MP: 1/1
   153 | D:1      | Reached XP level 2. HP: 20/22 MP: 2/2
   798 | D:1      | Reached XP level 3. HP: 12/27 MP: 3/3
  1128 | D:2      | Noticed Terence
  1143 | D:2      | Killed Terence
  1339 | D:2      | Found a bloodstained altar of Trog.
  1350 | D:2      | Reached skill level 3 in Polearms
  1373 | D:2      | Became a worshipper of Trog the Wrathful
  1616 | D:2      | Reached XP level 4. HP: 20/34 MP: 4/4
  1992 | D:2      | Reached skill level 1 in Armour
  2316 | D:2      | Acquired Trog's first power
  2510 | D:3      | Found a shattered altar of Ashenzari.
  2934 | D:3      | Slain by an orc priest

Action                   |  1- 3 |  4- 6 || total
-------------------------+-------+-------++-------
Melee: Trident           |   116 |   122 ||   238
Throw: Throwing net      |     1 |     2 ||     3
  Use: Scroll            |     3 |     2 ||     5
 Stab: Held in net/web   |       |     1 ||     1
       Sleeping          |       |     1 ||     1
